 Dungeon Crawl Stone Soup version 0.22-a0-247-gbddf880 (webtiles) character file.

3385 tsouns the Cleaver (level 10, -1/106 HPs)
             Began as an Octopode Fighter on Feb 27, 2018.
             Was a Follower of Wu Jian.
             Slain by a two-headed ogre
             ... wielding a +0 giant spiked club
              (32 damage)
             ... on level 8 of the Dungeon.
             The game lasted 00:22:40 (7131 turns).

tsouns the Cleaver (Octopode Fighter)               Turns: 7131, Time: 00:22:41

Health: -1/106     AC:  5    Str: 27    XL:     10   Next: 4%
Magic:  14/14      EV: 13    Int: 12    God:    Wu Jian [*.....]
Gold:   244        SH: 10    Dex: 12    Spells: 9/15 levels left

rFire    + . .     SeeInvis .   k - +1 hand axe (chop)
rCold    . . .     Gourm    .   b - +0 shield
rNeg     . . .     Faith    .   j - +2 hat
rPois    +         Spirit   .   G - amulet of rage
rElec    .         Reflect  .   o - ring of poison resistance
rCorr    .         Harm     .   g - ring of protection from fire
MR       .....                  p - +1 ring of protection
Stlth    ..........             I - +1 ring of protection
HPRegen  0.27/turn              J - ring "Lorej" {Wiz Str+5}
MPRegen  0.14/turn              (no ring)
                                (no ring)
                                (no ring)

@: berserking, very quick
A: almost no armour, stealthy swim, amphibious, 8 rings, constrict 8, camouflage
1, gelatinous body 1
a: Renounce Religion, Evoke Berserk Rage


You were on level 8 of the Dungeon.
You worshipped Wu Jian.
Wu Jian was aware of your devotion.
You were very hungry.

You visited 2 branches of the dungeon, and saw 9 of its levels.

You collected 397 gold pieces.
You spent 153 gold pieces at shops.

Inventory:

Hand Weapons
 a - a +0 war axe
 k - a +1 hand axe of chopping (weapon)
 w - a +0 hunting sling
 x - a +0 blowgun
Missiles
 f - 7 needles of paralysis
 l - 238 stones (quivered)
 q - 11 poisoned needles
 r - 32 sling bullets
 s - 46 bolts
 A - 14 tomahawks
Armour
 b - a +0 shield (worn)
 j - a +2 hat (worn)
Jewellery
 g - a ring of protection from fire (right tentacle)
 o - a ring of poison resistance (left tentacle)
 p - a +1 ring of protection (on tentacle)
 G - an amulet of rage (around mantle)
 I - a +1 ring of protection (on tentacle)
 J - the ring "Lorej" (on tentacle) {Wiz Str+5}
   (You found it on level 7 of the Dungeon)

   [ring of wizardry]

   It improves your spell success rate.
   It affects your strength (+5).
Wands
 y - a wand of polymorph (14)
 D - a wand of flame (12)
Scrolls
 e - 2 scrolls of fear
 h - 6 scrolls of remove curse
 t - 2 scrolls of amnesia
 u - a scroll of fog
 E - 2 scrolls of teleportation
 F - a scroll of enchant weapon
Potions
 c - a potion of mutation
 i - 4 potions of curing
 m - a potion of magic
 n - a potion of heal wounds
 v - 3 potions of brilliance
 z - a potion of resistance
 B - 2 potions of haste {unknown}
 C - a potion of might
 H - a potion of ambrosia {unknown}
Comestibles
 d - 14 rations


   Skills:
 + Level 7.0 Fighting
 * Level 8.7 Axes
 - Level 4.8 Dodging
 + Level 6.2 Stealth
 - Level 5.0 Shields
 - Level 3.0 Spellcasting
 - Level 3.6 Hexes


You had 9 spell levels left.
You knew the following spells:

 Your Spells              Type           Power        Failure   Level  Hunger
a - Corona                Hex            ##.....      8%          1    #......
b - Confuse               Hex            ##......     22%         3    ###....
c - Ensorcelled Hibernat  Hex/Ice        #.....       24%         2    ###....


Dungeon Overview and Level Annotations

Branches:
Dungeon (8/15)             Temple (1/1) D:6
   Lair: D:8-11

Altars:
Cheibriados
Dithmenos
Elyvilon
Fedhas
Hepliaklqana
Kikubaaqudgha
Makhleb
Nemelex Xobeh
Okawaru
Qazlal
Ru
Sif Muna
Uskayaw
Vehumet
Wu Jian
Xom
Yredelemnul
Zin
The Shining One
Lugonu

Shops:
D:4 ((!:*   D:6 [


Innate Abilities, Weirdness & Mutations

You cannot wear most types of armour.
You are very stealthy in the water. (Stealth+)
You are amphibious.
You can wear up to eight rings at the same time.
You can use your tentacles to constrict eight enemies at once.
Your skin changes colour to match your surroundings (Stealth+).
Your rubbery body absorbs attacks. (AC +1, EV +1)


Message History

You hit the two-headed ogre but do no damage.
You squeeze the two-headed ogre.
The two-headed ogre is moderately wounded.
You block the two-headed ogre's attack.
The two-headed ogre hits you with a giant spiked club!!
You are too injured to fight recklessly!
A red film seems to cover your vision as you go berserk!
You feel yourself moving faster!
You feel mighty!
You are feeling very hungry.
The two-headed ogre closely misses you. You block the two-headed ogre's attack.
You slash the two-headed ogre! You squeeze the two-headed ogre!!
The two-headed ogre is almost dead.
You closely miss the two-headed ogre.
The two-headed ogre is almost dead.
You slash the two-headed ogre!
The two-headed ogre is almost dead.
The two-headed ogre hits you with a giant spiked club!!
* * * LOW HITPOINT WARNING * * *
The two-headed ogre hits you with a giant spiked club!!
You die...

#####
#...########.#
#....@O...>.(#
#...##########
##.## #.# #.#
#.# #.# #.##
#..# ##.#


You could see a two-headed ogre.

Vanquished Creatures
  Joseph (D:7)
  The ghost of B1inky the Carver, a novice VSFi of Makhleb (D:5)
  A wyvern (D:8)
  A steam dragon (D:8)
  Edmund (D:4)
  The ghost of anet the Magician, an amateur DEWz (D:4)
  An ice beast (D:8)
  A sky beast (D:7)
  An eye of draining (D:8)
  An orc warrior (D:6)
  2 phantoms
  3 ogres
  2 centaurs
  A crocodile (D:7)
  3 bullfrogs
  A wyvern skeleton (D:6)
  A scorpion (D:5)
  3 crimson imps
  A bullfrog skeleton (D:6)
  2 hounds (D:5)
  2 jellies
  A gnoll shaman (D:7)
  4 orc wizards
  An iguana (D:7)
  5 orc priests
  4 worker ants
  A killer bee zombie (D:8)
  A hound zombie (D:5)
  A hound skeleton (D:6)
  5 gnolls (D:7)
  A howler monkey skeleton (D:8)
  11 adders
  A shadow imp (D:7)
  An ooze (D:2)
  5 worms
  4 leopard geckos
  34 orcs
  5 giant cockroaches
  9 goblins
  2 hobgoblins
  3 jackals (D:4)
  4 quokkas
  4 ball pythons
  5 bats
  3 frilled lizards
  6 kobolds
  A leopard gecko skeleton (D:4)
  A leopard gecko zombie (D:7)
  2 quokka skeletons (D:5)
  6 rats
  A spectral orc (D:7)
163 creatures vanquished.

Vanquished Creatures (others)
  2 plants (D:8)
2 creatures vanquished.

Grand Total: 165 creatures vanquished

Notes
Turn   | Place    | Note
-------+----------+-------------------------------------------
     0 | D:1      | tsouns the Octopode Fighter began the quest for the Orb.
     0 | D:1      | Reached XP level 1. HP: 16/16 MP: 1/1
   434 | D:1      | Reached XP level 2. HP: 20/21 MP: 2/2
   977 | D:2      | Reached skill level 1 in Stealth
   977 | D:2      | Reached XP level 3. HP: 26/26 MP: 3/3
  1432 | D:2      | Found a snail-covered altar of Cheibriados.
  1663 | D:3      | Reached XP level 4. HP: 24/31 MP: 4/4
  2022 | D:3      | Reached skill level 3 in Axes
  2453 | D:3      | Reached XP level 5. HP: 33/36 MP: 6/6
  2468 | D:3      | Found a glowing golden altar of the Shining One.
  2511 | D:3      | Reached skill level 1 in Spellcasting
  2761 | D:3      | Learned a level 1 spell: Corona
  2766 | D:3      | Learned a level 3 spell: Confuse
  2801 | D:4      | Noticed anet's ghost (amateur DEWz)
  2816 | D:4      | Killed anet's ghost
  2816 | D:4      | Reached XP level 6. HP: 43/43 MP: 6/8
  2839 | D:4      | Found Jihiat's Antique Weapon Shop.
  2848 | D:4      | Bought a glowing hand axe for 120 gold pieces
  2853 | D:4      | Noticed Grinder
  2860 | D:4      | Noticed Grinder
  2860 | D:4      | Grinder changed into Grinder the crimson imp
  2873 | D:4      | Killed Grinder the crimson imp
  2873 | D:4      | Reached skill level 4 in Axes
  2997 | D:4      | Found a shadowy altar of Dithmenos.
  3009 | D:4      | Found Rabig's Weapon Emporium.
  3252 | D:4      | Found a shimmering altar of Xom.
  3255 | D:4      | Found an ancient bone altar of Kikubaaqudgha.
  3280 | D:4      | Found Heroqut's Distillery.
  3285 | D:4      | Found Alyi's Book Shop.
  3298 | D:4      | Reached XP level 7. HP: 45/48 MP: 9/9
  3433 | D:4      | Found a hide-covered altar of Uskayaw.
  3609 | D:4      | Noticed Edmund
  3628 | D:4      | Killed Edmund
  3902 | D:4      | Found Zusiteu's General Store.
  3910 | D:4      | Bought a +1 ring of protection for 33 gold pieces
  3951 | D:5      | Entered Level 5 of the Dungeon
  4164 | D:5      | Noticed B1inky's ghost (novice VSFi)
  4170 | D:5      | Reached skill level 5 in Axes
  4341 | D:5      | Found a hazy altar of Hepliaklqana.
  4494 | D:5      | Reached XP level 8. HP: 41/54 MP: 11/11
  4724 | D:5      | Killed B1inky's ghost
  4724 | D:5      | Reached skill level 5 in Shields
  4732 | D:5      | Learned a level 2 spell: Ensorcelled Hibernation
  4775 | D:5      | Reached skill level 5 in Fighting
  4775 | D:5      | Reached skill level 6 in Axes
  4946 | D:6      | Reached skill level 1 in Hexes
  5206 | D:6      | Found Kuwnaw's Armour Shop.
  5440 | D:6      | Reached skill level 7 in Axes
  5440 | D:6      | Reached XP level 9. HP: 44/62 MP: 13/13
  5567 | D:6      | Found a staircase to the Ecumenical Temple.
  5572 | Temple   | Entered the Ecumenical Temple
  5704 | D:6      | Found a deep blue altar of Sif Muna.
  5912 | D:7      | Found an ornate altar of the Wu Jian Council.
  5940 | D:7      | Noticed Joseph
  5951 | D:7      | Killed Joseph
  5951 | D:7      | Reached skill level 8 in Axes
  6007 | D:7      | Became a worshipper of the Wu Jian Council
  6340 | D:7      | Reached * piety under Wu Jian
  6358 | D:7      | Got a transparent platinum ring
  6359 | D:7      | Identified the ring "Lorej" {Wiz Str+5} (You found it on level 7 of the Dungeon)
  6487 | D:7      | Found a basalt altar of Yredelemnul.
  6681 | D:8      | Reached skill level 5 in Stealth
  6885 | D:8      | Reached XP level 10. HP: 46/71 MP: 14/14
  7119 | D:8      | Noticed a two-headed ogre
  7131 | D:8      | Slain by a two-headed ogre

Vault maps used:
D:1:      scummos_arrival_forest, serial_forest, infiniplex_forest_corner_1,
          infiniplex_forest_clump_tiny, infiniplex_forest_corner_2,
          infiniplex_forest_clump_large, infiniplex_forest_lined_1,
          infiniplex_forest_straight_1, infiniplex_forest_straight_2
D:2:      lemuel_coloured_pillars_altar
D:3:      marbit_many_paths
D:4:      eat_drink_and_be_merry_uskayaw, grunt_temple_overflow_open,
          nicolae_dithmenos_the_darkroom, serial_shops, shop, shop, shop, shop,
          nicolae_shop_stone, first_ration, kennysheep_generic_room_13,
          uniq_grinder, uniq_edmund
D:5:      kennysheep_little_box, kennysheep_another_room, lemuel_another_geyser
D:6:      lemuel_blue_sif_altar, minmay_temple_entry_nine_rooms, serial_shops,
          nicolae_shop_waterfront
D:7:      yredelemnul_forgotten_temple_becter, nicolae_overflow_crystal_walls,
          uniq_joseph
D:8:      old_standard_altar, david_lair_shrubbed, hangedman_ranch
Temple:   corrupted_temple

Skill      XL: |  1  2  3  4  5  6  7  8  9 |
---------------+----------------------------+-----
Stealth        | 1 6 |  6.2
Axes           | 3 4 5 7 8 |  8.7
Spellcasting   | 1 2 3 |  3.0
Shields        | 4 5 |  5.0
Fighting       | 4 5 7 |  7.0
Dodging        | 4 |  4.8
Hexes          | 2 3 |  3.6

Action                   |  1- 3 |  4- 6 |  7- 9 | 10-12 || total
-------------------------+-------+-------+-------+-------++-------
Melee: War axe           |    53 |    55 |       |       ||   108
       Constrict         |    17 |    17 |    52 |     1 ||    87
       Tentacles         |     8 |    14 |    60 |     6 ||    88
       Hand axe          |       |    23 |   281 |    10 ||   314
Throw: Stone             |       |     7 |    11 |       ||    18
       Tomahawk          |       |     2 |       |       ||     2
Invok: Lunge             |       |       |     9 |     1 ||    10
 Abil: Evoke Berserk Rag |       |       |       |     1 ||     1
Evoke: Wand              |       |     1 |    19 |       ||    20
  Use: Scroll            |       |    10 |     7 |       ||    17
       Potion            |       |     2 |     3 |       ||     5
 Stab: Sleeping          |     6 |     4 |    15 |       ||    25
       Distracted        |     1 |       |       |       ||     1
  Eat: Chunk             |     2 |     6 |     4 |     1 ||    13
       Ration            |       |       |     2 |       ||     2
Armor: Skin              |     5 |     7 |    15 |       ||    27
Dodge: Dodged            |    19 |    30 |    95 |     4 ||   148
Block: Shield            |    20 |    32 |    87 |     5 ||   144

Table legend:
 A = Spawn XP
 B = Non-spawn XP
 C = Spawn XP percentage of total XP
 D = Spawn monster count
 E = Non-spawn monster count
 F = Spawn count percentage of total count
 G = Total turns spent on level
                    A         B        C        D         E        F      G
               +---------+---------+-------+---------+---------+-------+---------
         Total |       0 |    4837 |   0.0 |       0 |     163 |   0.0 |  7131
               +---------+---------+-------+---------+---------+-------+---------
           D:1 |       0 |      11 |   0.0 |       0 |       8 |   0.0 |   809
           D:2 |       0 |      54 |   0.0 |       0 |      20 |   0.0 |   761
           D:3 |       0 |     152 |   0.0 |       0 |      26 |   0.0 |  1214
           D:4 |       0 |     712 |   0.0 |       0 |      21 |   0.0 |  1276
           D:5 |       0 |     801 |   0.0 |       0 |      23 |   0.0 |   852
           D:6 |       0 |     937 |   0.0 |       0 |      24 |   0.0 |   845
           D:7 |       0 |    1374 |   0.0 |       0 |      30 |   0.0 |   809
           D:8 |       0 |     796 |   0.0 |       0 |      11 |   0.0 |   506
               +---------+---------+-------+---------+---------+-------+---------
